 Dungeon Crawl Stone Soup version 0.22.1-2-g9c5b331 (webtiles) character file.

147819 HoaS the Warrior (level 17, -7/120 HPs)
             Began as a Gargoyle Fighter on Dec 25, 2018.
             Was the Champion of Wu Jian.
             Killed from afar by a deep elf mage (14 damage)
             ... with a bolt of magma
             ... on level 1 of the Elven Halls.
             The game lasted 01:25:08 (23141 turns).

HoaS the Warrior (Gargoyle Fighter)                Turns: 23141, Time: 01:25:09

Health: -7/120     AC: 47    Str: 35    XL:     17   Next: 47%
Magic:  17/17      EV:  6    Int:  9    God:    Wu Jian [******]
Gold:   326        SH: 22    Dex:  9    Spells: 16/16 levels left

rFire    . . .     SeeInvis .   L - +2 morningstar (protect)
rCold    . . .     Gourm    .   j - +0 large shield
rNeg     + + .     Faith    .   C - +4 plate armour
rPois    ∞         Spirit   .   (no helmet)
rElec    +         Reflect  .   B - scarf {cloud immunity}
rCorr    .         Harm     .   z - +2 pair of gloves
MR       +....                  m - +2 pair of boots
Stlth    ..........             I - amulet of regeneration
HPRegen  0.70/turn              b - +3 ring of strength
MPRegen  0.15/turn              y - ring of positive energy

@: mighty, liquid flames, protection aura, flying, hasted, glowing, studying Ice
Magic, very quick
A: big wings, negative energy resistance 1, screaming 1, electricity resistance,
unbreathing, petrification resistance, rot immunity, AC +12
a: Stop Flying, Wall Jump, Serpent's Lash, Heavenly Storm, Renounce Religion


You were on level 1 of the Elven Halls.
You worshipped Wu Jian.
Wu Jian was exalted by your worship.
You were not hungry.

You visited 5 branches of the dungeon, and saw 25 of its levels.
You also visited: Ice Cave.

You collected 2317 gold pieces.
You spent 1991 gold pieces at shops.

Inventory:

Hand Weapons
 L - a +2 morningstar of protection (weapon)
Armour
 j - a +0 large shield (worn)
 m - a +2 pair of boots (worn)
 z - a +2 pair of gloves (worn)
 B - a scarf of cloud immunity (worn)
 C - a +4 plate armour (worn)
Jewellery
 b - a +3 ring of strength (left hand)
 i - the ring of Hooremurpho {Wiz +Inv Str-4 Int+2}
   (You found it on level 13 of the Dungeon)

   [ring of wizardry]

   It improves your spell success rate.
   It affects your strength (-4).
   It affects your intelligence (+2).
   It lets you turn invisible.
 v - a +2 ring of dexterity
 y - a ring of positive energy (right hand)
 I - an amulet of regeneration (around neck)
 R - an uncursed ring of protection from cold
Wands
 a - a wand of digging (25)
 d - a wand of random effects (33)
 r - a wand of iceblast (19)
 w - a wand of polymorph (15)
 A - a wand of disintegration (35)
 D - a wand of acid (11)
 H - a wand of paralysis (14)
 J - a wand of flame (106)
 M - a wand of scattershot (4)
 N - a wand of enslavement (4)
 O - a wand of clouds (4)
Scrolls
 e - 12 scrolls of remove curse
 h - 6 scrolls of amnesia
 l - a scroll of magic mapping
 n - 3 scrolls of fear
 o - 4 scrolls of blinking
 p - a scroll of fog
 q - 12 scrolls of teleportation
 G - 2 scrolls of holy word
 Q - 5 scrolls of identify
Potions
 g - 3 potions of agility
 k - 5 potions of lignification
 s - 2 potions of haste
 u - a potion of invisibility
 x - 9 potions of heal wounds
 E - 4 potions of curing
 F - 3 potions of mutation
 P - a potion of ambrosia {unknown}
Books
 K - a manual of Ice Magic
Comestibles
 c - 11 chunks of flesh
 f - 52 rations


   Skills:
 * Level 18.7 Fighting
 - Level 16.0 Maces & Flails
 + Level 14.0 Armour
 + Level 14.0 Shields


You had 16 spell levels left.
You didn't know any spells.
Your spell library contained the following spells:

 Spells                   Type           Power        Failure   Level  Hunger
 Animate Skeleton         Necr           N/A          100%        1    ##.....
 Corona                   Hex            #......      100%        1    ##.....
 Pain                     Necr           #...         100%        1    ##.....
 Sandblast                Erth           #.....       100%        1    ##.....
 Blink                    Tloc           N/A          100%        2    ###....
 Ensorcelled Hibernation  Hex/Ice        #.....       100%        2    ###....
 Passwall                 Tmut/Erth      #.......     100%        2    ###....
 Shroud of Golubria       Chrm/Tloc      #.........   100%        2    ###....
 Confuse                  Hex            #.......     100%        3    ####...
 Dazzling Spray           Conj/Hex       #.....       100%        3    ####...
 Gell's Gravitas          Tloc           #.........   100%        3    ####...
 Lesser Beckoning         Tloc           #.........   100%        3    ####...
 Regeneration             Chrm/Necr      #.........   100%        3    ####...
 Stone Arrow              Conj/Erth      #.....       100%        3    ####...
 Teleport Other           Tloc           #.......     100%        3    ####...
 Tukima's Dance           Hex            #.......     100%        3    ####...
 Vampiric Draining        Necr           #.........   100%        3    ####...
 Animate Dead             Necr           N/A          100%        4    #####..
 Passage of Golubria      Tloc           N/A          100%        4    #####..
 Petrify                  Tmut/Erth      #.......     100%        4    #####..
 Lee's Rapid Deconstruct  Erth           #.........   100%        5    ######.
 Bolt of Fire             Conj/Fire      #.........   100%        6    #######
 Dispersal                Tloc           #.........   100%        6    #######
 Disjunction              Tloc           #.........   100%        8    #######


Dungeon Overview and Level Annotations

Branches:
Dungeon (15/15)            Temple (1/1) D:6            Lair (6/6) D:10
 Shoals (0/4) Lair:4       Spider (0/4) Lair:4        Slime (0/5) Lair:6
    Orc (2/2) D:12            Elf (1/3) Orc:2        Vaults (0/5) D:14
 Depths (0/5) D:15

Altars:
Ashenzari
Cheibriados
Dithmenos
Elyvilon
Fedhas
Gozag
Hepliaklqana
Kikubaaqudgha
Makhleb
Nemelex Xobeh
Okawaru
Qazlal
Ru
Sif Muna
Trog
Uskayaw
Vehumet
Wu Jian
Xom
Yredelemnul
Zin
The Shining One

Shops:
D:4 [}(=*   D:15 =**   Orc:2 :[(*

Portals:
Trove: D:11 (give +7 demon trident)

Annotations:
Lair:2 exclusion: 4 oklob plants
Lair:4 exclusion: ice statue
Elf:1 Asterion


Innate Abilities, Weirdness & Mutations

You are resistant to torment.
Your stone body is resilient. (AC +12)
You are immune to poison.
Your large and strong wings let you fly indefinitely.
You resist negative energy. (rN+)
You are resistant to electric shocks. (rElec)
You can survive without breathing.
You are immune to petrification.
You are immune to rotting.
You occasionally shout uncontrollably at your foes.


Message History

The deep elf mage casts a spell at you. The bolt of lightning misses you.
The bolt of lightning hits the blizzard demon.
The blizzard demon completely resists.
The deep elf mage points at you and mumbles some strange words.
The sticky flame hits you!
You are covered in liquid flames!
The blizzard demon hits you but does no damage.
The blizzard demon barely misses you.
Asterion hits you from afar with a demon trident of electrocution!
* * * LOW HITPOINT WARNING * * *
The deep elf mage hits you but does no damage.
You thump the deep elf mage!
The deep elf mage is moderately wounded.
You are covered in liquid flames!
* * * LOW HITPOINT WARNING * * *
You block the deep elf mage's attack.
The deep elf mage points at you and mumbles some strange words.
The bolt of magma hits you!
You die...

. .#####....###.#####
#......................
#.#.##>#........###....
##...#e...$.........# ##
...#..#.###.##.########.
.#.......§.##.## ##.#...
%...§..§...#.## #..#...
......e*e§#.######>.#...
#...#e@##.####.........
....§Hee2....)).........
.%..EE4E.#.##.####......
.....*..#....## ###.#...
....###.#...#####...#...
...............)....#...
... ###.....#####...###.
.# #.#...# ##### ##
#..##..# .


You could see Asterion, a blizzard demon, an earth elemental, an ice devil, 5
deep elf magi, 2 fire elementals and 2 battlespheres.

Vanquished Creatures
  2 orc warlords
  A stone giant (D:13)
  A dire elephant (Lair:4)
  Josephine (D:13)
  4 vault guards (D:14)
  6 hydras
  Harold (D:7)
  6 centaur warriors
  11 two-headed ogres
  2 tengu warriors (D:15)
  3 dancing weapons (Elf:1)
  An orc high priest (Orc:2)
  A storm dragon zombie (D:15)
  Sonja (Lair:2)
  3 deep elf knights (Elf:1)
  Urug (Lair:2)
  2 skeletal warriors (D:15)
  2 fire crabs (shapeshifter) (D:15)
  A flayed ghost (D:15)
  5 unseen horrors
  6 orc knights
  A necromancer (D:15)
  4 orc sorcerers
  9 ugly things
  13 deep elf magi (Elf:1)
  A manticore (D:11)
  10 cyclopes
  A frost giant zombie (D:15)
  A stone giant skeleton (D:15)
  25 elephants
  3 ice statues (IceCv)
  3 black mambas
  3 gargoyles
  6 rime drakes
  3 centaur skeletons (D:15)
  6 spiny frogs
  A yaktaur (D:15)
  2 kobold demonologists (D:11)
  7 komodo dragons
  A redback zombie (D:15)
  10 trolls
  3 jumping spiders (Lair:4)
  3 meliai (D:11)
  7 hornets
  9 polar bears
  A queen bee (Lair:2)
  A merfolk (shapeshifter) (D:11)
  18 blink frogs
  3 slime creatures (D:12)
  A spriggan zombie (D:15)
  7 dream sheep
  11 hippogriffs
  3 redbacks (Lair:4)
  13 spriggans (Lair:6)
  A shadow (D:11)
  49 yaks
  4 vampires
  7 wyverns
  3 basilisks
  7 wraiths
  A steam dragon (Lair:2)
  3 vampire mosquitoes (D:12)
  A hungry ghost (D:7)
  5 wargs
  Duvessa (D:7)
  9 porcupines
  10 water moccasins
  13 ice beasts
  4 sky beasts
  39 orc warriors
  A phantom (D:11)
  A black bear (shapeshifter) (D:15)
  A necrophage (D:11)
  4 black bears
  An eye of draining (D:14)
  16 ogres
  18 wolves
  4 boggarts (Lair:6)
  20 centaurs
  13 crocodiles
  Blork the orc (D:6)
  6 big kobolds
  24 bullfrogs
  Dowan (D:7)
  A water moccasin zombie (D:7)
  6 scorpions
  A water moccasin skeleton (D:11)
  38 killer bees
  An electric eel (Lair:6)
  25 wights
  5 howler monkeys
  6 crimson imps
  2 centaur zombies
  18 orc wizards
  A bullfrog skeleton (D:11)
  11 orc priests
  Crazy Yiuf (D:4)
  2 hounds
  14 jellies
  2 iguanas
  Ijyb (D:4)
  A hell rat (Lair:2)
  8 worker ants
  2 hound zombies
  16 adders
  4 oozes
  2 adder skeletons
  3 adder zombies
  A worm (D:2)
  A dart slug (D:2)
  3 leopard geckos
  84 orcs
  6 bats
  9 giant cockroaches
  4 goblins
  A hobgoblin (D:1)
  12 jackals
  20 kobolds
  8 quokkas
  5 ball pythons
  2 frilled lizards (D:2)
  A giant cockroach zombie (D:5)
  A leopard gecko skeleton (D:4)
  A quokka skeleton (D:3)
  2 quokka zombies
  4 rats
855 creatures vanquished.

Vanquished Creatures (others)
  A blink frog (Lair:6)
  An orc wizard (Orc:1)
  A hobgoblin (D:3)
  10 fungi
  7 plants
  A withered plant (D:15)
21 creatures vanquished.

Grand Total: 876 creatures vanquished

Notes
Turn   | Place    | Note
-------+----------+-------------------------------------------
     0 | D:1      | HoaS the Gargoyle Fighter began the quest for the Orb.
     0 | D:1      | Reached XP level 1. HP: 14/14 MP: 1/1
   168 | D:1      | Reached XP level 2. HP: 19/19 MP: 2/2
   685 | D:2      | Reached XP level 3. HP: 23/24 MP: 3/3
  1094 | D:2      | Reached skill level 4 in Fighting
  1130 | D:2      | Reached XP level 4. HP: 25/29 MP: 4/4
  1341 | D:3      | Found a radiant altar of Vehumet.
  1820 | D:3      | Found a blossoming altar of Fedhas.
  1988 | D:4      | Noticed a hippogriff
  1989 | D:4      | Found Ukyvyam's Jewellery Emporium.
  2004 | D:4      | Killed a hippogriff
  2004 | D:4      | Reached skill level 5 in Fighting
  2004 | D:4      | Reached XP level 5. HP: 23/35 MP: 5/5
  2004 | D:4      | Reached XP level 6. HP: 26/40 MP: 6/6
  2050 | D:4      | Found Iwul's Assorted Antiques.
  2065 | D:4      | Bought a scroll of identify for 62 gold pieces
  2152 | D:4      | Found a runed door.
  2183 | D:4      | Found a white marble altar of Elyvilon.
  2234 | D:4      | Found Ulica Rahoett's Weapon Boutique.
  2264 | D:4      | Bought a +0 morningstar for 44 gold pieces
  2290 | D:4      | Noticed Ijyb
  2297 | D:4      | Killed Ijyb
  2336 | D:4      | Found Qenar's Antique Armour Boutique.
  2627 | D:4      | Found Vasote's Gadget Boutique.
  2686 | D:4      | Noticed Crazy Yiuf
  2692 | D:4      | Paralysed by Crazy Yiuf for 7 turns
  2700 | D:4      | Killed Crazy Yiuf
  2947 | D:5      | Entered Level 5 of the Dungeon
  2993 | D:5      | Reached XP level 7. HP: 44/44 MP: 7/7
  3028 | D:5      | Reached skill level 5 in Maces & Flails
  3048 | D:5      | Reached skill level 6 in Fighting
  3270 | D:5      | Reached skill level 5 in Armour
  3270 | D:5      | Reached skill level 5 in Shields
  3270 | D:5      | Reached XP level 8. HP: 31/52 MP: 8/8
  3350 | D:5      | Found a sparkling altar of Nemelex Xobeh.
  3482 | D:5      | Found a hazy altar of Hepliaklqana.
  3699 | D:6      | Found a shimmering altar of Xom.
  3728 | D:6      | Noticed Blork the orc
  3732 | D:6      | Killed Blork the orc
  3740 | D:6      | Found a staircase to the Ecumenical Temple.
  3757 | D:6      | Reached skill level 7 in Fighting
  3784 | Temple   | Entered the Ecumenical Temple
  3872 | Temple   | Became a worshipper of the Wu Jian Council
  4328 | D:6      | Reached XP level 9. HP: 37/58 MP: 9/9
  5022 | D:7      | Reached skill level 8 in Fighting
  5099 | D:7      | Noticed Harold
  5105 | D:7      | Noticed Duvessa
  5119 | D:7      | Killed Harold
  5119 | D:7      | Reached * piety under Wu Jian
  5120 | D:7      | Noticed Dowan
  5151 | D:7      | Killed Duvessa
  5171 | D:7      | Reached skill level 9 in Fighting
  5272 | D:7      | Reached XP level 10. HP: 59/66 MP: 10/10
  5317 | D:7      | Killed Dowan
  5553 | D:7      | Found an iron altar of Okawaru.
  5809 | D:8      | Reached ** piety under Wu Jian
  5827 | D:8      | Found a shadowy altar of Dithmenos.
  6082 | D:8      | Reached skill level 10 in Fighting
  6093 | D:8      | Found a hide-covered altar of Uskayaw.
  6519 | D:9      | Reached *** piety under Wu Jian
  7680 | D:10     | Entered Level 10 of the Dungeon
  7747 | D:10     | Reached XP level 11. HP: 53/73 MP: 11/11
  7773 | D:10     | Found a staircase to the Lair.
  7808 | D:10     | Reached skill level 11 in Fighting
  7808 | D:10     | Reached skill level 10 in Maces & Flails
  8155 | D:10     | Reached **** piety under Wu Jian
  8352 | D:10     | Noticed a six-headed hydra
  8363 | D:10     | Killed a six-headed hydra
  8765 | D:11     | Noticed a sun demon
  9074 | D:11     | Noticed a cyan ugly thing
  9091 | D:11     | Killed a cyan ugly thing
  9189 | D:11     | Noticed a cyclops
  9191 | D:11     | Noticed a two-headed ogre
  9191 | D:11     | Noticed a cyclops
  9208 | D:11     | Killed a two-headed ogre
  9208 | D:11     | Reached skill level 12 in Fighting
  9218 | D:11     | Killed a cyclops
  9222 | D:11     | Killed a cyclops
  9222 | D:11     | Reached XP level 12. HP: 36/81 MP: 12/12
  9479 | D:11     | Noticed a two-headed ogre
  9488 | D:11     | Killed a two-headed ogre
  9577 | D:11     | Found a portal to a secret trove of treasure.
  9625 | D:11     | Reached ***** piety under Wu Jian
 10066 | D:12     | Reached skill level 13 in Fighting
 10428 | D:12     | Found a staircase to the Orcish Mines.
 10512 | D:12     | Found a labyrinth entrance.
 10829 | D:12     | Reached skill level 10 in Shields
 10946 | D:12     | Reached skill level 10 in Armour
 11503 | Lair:1   | Entered Level 1 of the Lair of Beasts
 11752 | Lair:1   | Reached XP level 13. HP: 88/88 MP: 13/13
 12610 | Lair:2   | Reached skill level 14 in Fighting
 13294 | Lair:2   | Noticed Sonja
 13298 | Lair:2   | Killed Sonja
 13424 | Lair:2   | Reached ****** piety under Wu Jian
 13470 | Lair:3   | Noticed Urug
 13491 | Lair:2   | Killed Urug
 14477 | Lair:4   | Gained mutation: Your large and strong wings let you fly
                  | indefinitely. [Gargoyle growth]
 14477 | Lair:4   | Reached XP level 14. HP: 70/96 MP: 14/14
 14584 | Lair:4   | Reached skill level 15 in Fighting
 14729 | Lair:4   | Found a hole to the Spider Nest.
 14813 | Lair:4   | Noticed a dire elephant
 14827 | Lair:4   | Killed a dire elephant
 14884 | Lair:4   | Reached XP level 15. HP: 91/104 MP: 15/15
 14952 | Lair:4   | Found a staircase to the Shoals.
 15787 | Lair:5   | Reached skill level 16 in Fighting
 16531 | Lair:6   | Entered Level 6 of the Lair of Beasts
 16597 | Lair:6   | Found a frozen archway.
 16614 | IceCv    | Entered an ice cave
 16667 | IceCv    | Reached skill level 15 in Maces & Flails
 16789 | IceCv    | Identified the Catalogue of Objectivity
 16860 | Lair:6   | Found a staircase to the Slime Pits.
 17273 | Lair:6   | Reached XP level 16. HP: 111/111 MP: 16/16
 18169 | Orc:1    | Entered Level 1 of the Orcish Mines
 18635 | Orc:2    | Entered Level 2 of the Orcish Mines
 19263 | Orc:2    | Paralysed by an orc sorcerer for 6 turns
 19349 | Orc:2    | Found Hetrudil's Antique Weapon Shoppe.
 19495 | Orc:2    | Reached skill level 17 in Fighting
 19556 | Orc:2    | Found Reycwu's Antique Armour Shoppe.
 19564 | Orc:2    | Found Wazeng's Book Boutique.
 19594 | Orc:2    | Found a staircase to the Elven Halls.
 19671 | Orc:2    | Found Soyrr's General Store.
 20383 | D:13     | Got a twitching copper ring
 20664 | D:13     | Noticed Josephine
 20672 | D:13     | Killed Josephine
 20956 | Orc:2    | Bought ichor-stained quicksilver dragon scales for 1885
                  | gold pieces
 20966 | Orc:2    | Identified the quicksilver dragon scales of the Catfish
                  | {rN+ MR+ rCorr Stlth+} (You bought it in a shop on level 2
                  | of the Orcish Mines)
 21011 | Orc:1    | Identified the ring of Hooremurpho {Wiz +Inv Str-4 Int+2}
                  | (You found it on level 13 of the Dungeon)
 21552 | D:14     | Found a gate to the Vaults.
 21755 | D:15     | Entered Level 15 of the Dungeon
 21820 | D:15     | Found Laitsuef's Assorted Antiques.
 21899 | D:15     | Found a staircase to the Depths.
 21978 | D:15     | Reached XP level 17. HP: 117/119 MP: 17/17
 22006 | D:15     | Reached skill level 18 in Fighting
 22223 | D:15     | Found Ure Heus's Jewellery Boutique.
 22236 | D:15     | Found Qiyretre's Assorted Antiques.
 22773 | Elf:1    | Entered Level 1 of the Elven Halls
 22795 | Elf:1    | Found a radiant altar of Vehumet.
 22885 | Elf:1    | Gained mutation: You occasionally shout uncontrollably at
                  | your foes. [a neqoxec]
 23114 | Elf:1    | Noticed Asterion
 23141 | Elf:1    | Killed from afar by a deep elf mage

Skill      XL: |  1  2  3  4  5  6  7  8  9 10 11 12 13 14 15 16 17 |
---------------+----------------------------------------------------+-----
Fighting       | 4 5 6 7 9 10 12 13 14 15 16 17 18 | 18.7
Maces & Flails | 4 5 6 8 9 11 12 13 14 15 16 | 16.0
Armour         | 4 5 6 8 9 10 11 12 13 14 | 14.0
Shields        | 4 5 6 8 9 10 11 12 13 14 | 14.0

Action                   |  1- 3 |  4- 6 |  7- 9 | 10-12 | 13-15 | 16-18 || total
-------------------------+-------+-------+-------+-------+-------+-------++-------
Melee: Flail             |   104 |   103 |       |       |       |       ||   207
       Morningstar       |       |    43 |   219 |   899 |  1273 |  1264 ||  3698
       Whip              |       |       |   199 |   179 |       |       ||   378
Invok: Lunge             |       |       |    10 |    44 |    48 |    36 ||   138
       Whirlwind         |       |       |     2 |     9 |    23 |    21 ||    55
       Wall Jump         |       |       |       |     8 |     2 |     1 ||    11
       Serpent's Lash    |       |       |       |     1 |       |       ||     1
       Heavenly Storm    |       |       |       |       |       |     2 ||     2
 Abil: Fly               |       |       |       |       |     1 |       ||     1
Evoke: Wand              |       |       |       |       |     4 |     1 ||     5
  Use: Scroll            |     9 |     7 |     7 |    12 |     7 |     3 ||    45
       Potion            |       |       |     2 |       |     2 |     3 ||     7
  Eat: Chunk             |     1 |     5 |    10 |    22 |    21 |    18 ||    77
       Ration            |       |       |       |       |       |     1 ||     1
Armor: Scale mail        |    30 |       |       |       |       |       ||    30
       Chain mail        |    22 |   126 |   119 |       |       |       ||   267
       Plate armour      |       |       |    89 |   662 |   906 |   883 ||  2540
Dodge: Dodged            |    24 |    50 |    57 |   236 |   324 |   260 ||   951
Block: Shield            |    48 |   102 |   169 |   587 |   824 |   181 ||  1911
       Large shield      |       |       |       |       |       |  1041 ||  1041
